 Dungeon Crawl Stone Soup version 0.31-a0-609-g7bf6ffcfed (webtiles) character file.

Game seed: 16830485068658933594

155 Fodor the Covered (level 5, -1/47 HPs)
             Began as a Minotaur Fighter on Aug 21, 2023.
             Slain by a hobgoblin (3 damage)
             ... led by Robin
             ... on level 3 of the Dungeon.
             The game lasted 00:08:16 (1652 turns).

Fodor the Covered (Minotaur Fighter)                Turns: 1652, Time: 00:08:16

Health: -1/47      AC:  9    Str: 23    XL:     5   Next: 14%
Magic:  4/4        EV:  7    Int:  5    God:
Gold:   83         SH:  8    Dex:  9    Spells: 4/4 levels left

rFire   . . .        a - +0 long sword
rCold   + . .        j - +0 kite shield
rNeg    . . .        b - +0 chain mail
rPois   .            (helmet restricted)
rElec   .            (no cloak)
rCorr   .            (no gloves)
SInv    .            (no boots)
Will    .....        (no amulet) Stlth
                     g - ring of protection from cold
HPRegen 0.27/turn    (no ring)
MPRegen 0.09/turn

%: no passive effects
@: no status effects
A: horns 2, retaliatory headbutt
a: no special abilities


You were on level 3 of the Dungeon.
You visited 1 branch of the dungeon, and saw 3 of its levels.

You collected 83 gold pieces.

Inventory:

Hand Weapons
 a - a +0 long sword (weapon)
Armour
 b - a +0 chain mail (worn)
 j - a +0 kite shield (worn)
Jewellery
 g - a ring of protection from cold (left hand)
Scrolls
 c - a scroll of immolation {unknown}
 i - a scroll of teleportation {unknown}
 k - a scroll of fog {unknown}
 l - 2 scrolls of identify {unknown}
Potions
 d - a potion of might
 e - a potion of ambrosia {unknown}
 f - a potion of invisibility {unknown}
 h - a potion of heal wounds {unknown}
 m - a potion of resistance {unknown}


   Skills:
 + Level 4.3 Fighting
 + Level 4.5 Long Blades
 + Level 4.6 Armour
 + Level 0.1 Dodging
 + Level 4.4 Shields


You had 4 spell levels left.
You didn't know any spells.
Your spell library contained the following spells:

 Spells                   Type           Power      Damage    Failure   Level
 Passwall                 Tmut/Erth      0%         N/A       100%        2
 Scorch                   Fire           0%         2d5       100%        2
 Inner Flame              Hex/Fire       0%         N/A       100%        3
 Vhi's Electric Charge    Tloc/Air       0%         N/A       100%        3
 Arcjolt                  Conj/Air       0%         1d10      100%        5
 Fireball                 Conj/Fire      0%         3d3       100%        5
 Plasma Beam              Fire/Air       0%         2x1d10    100%        6
 Haunt                    Necr/Summ      0%         N/A       100%        7
 Borgnjor's Revivificati  Necr           0%         N/A       100%        8
 Death's Door             Necr           0%         N/A       100%        9


Dungeon Overview and Level Annotations

Branches:
Dungeon (3/15)

Altars:
Hepliaklqana


Innate Abilities, Weirdness & Mutations

You have a pair of horns on your head.
You reflexively headbutt those who attack you in melee.


Message History

Robin is almost dead.
You block Robin's attack.
The hobgoblin hits you but does no damage.
The hobgoblin hits you. x2; The goblin unwields a +0 club.
The goblin wields a +0 sling.
The goblin shoots a sling bullet.
The sling bullet barely misses you.
The sling bullet barely misses the hobgoblin.
You hit Robin but do no damage. You headbutt Robin.
You kill Robin!
You block the hobgoblin's attack. The goblin hits you but does no damage.
The hobgoblin hits you but does no damage. x2
The goblin shoots a sling bullet.
The sling bullet barely misses you.
The sling bullet closely misses the hobgoblin.
The hobgoblin closely misses you. The goblin hits you but does no damage.
You block the hobgoblin's attack.
The hobgoblin hits you but does no damage.
You barely miss the goblin. You headbutt the goblin.
You kill the goblin!
The goblin shoots a sling bullet.
The sling bullet hits you. You block the hobgoblin's attack.
The goblin hits you but does no damage. You block the hobgoblin's attack.
The hobgoblin hits you.
The goblin shoots a sling bullet.
You block the sling bullet.
You barely miss the goblin. The hobgoblin hits you.
* * * LOW HITPOINT WARNING * * *
The goblin hits you with a +0 dagger.
* * * LOW HITPOINT WARNING * * *
The hobgoblin hits you but does no damage.
You block the hobgoblin's attack. The goblin hits you but does no damage.
You hit the goblin.
You kill the goblin!
The hobgoblin hits you but does no damage.
You block the goblin's attack.
The hobgoblin hits you but does no damage. x2
The goblin unwields a +0 sling.
The goblin wields a +0 club.
The goblin hits you but does no damage. The goblin hits you with a +0 dagger.
* * * LOW HITPOINT WARNING * * *
The hobgoblin hits you.
* * * LOW HITPOINT WARNING * * *
The hobgoblin hits you.
You die...

#...#..#.....#~...~#
.)..#.###....#~...~# #
....#.# #....#~...≈# .##
......# #....##...# #...
......####...###'###....
....#............)......
.....###................
............#...g.......
..##...........g@g......
..........#.##.ggg...###
...##.......##.#.###.#
#...........#....# .#
#.......##.#.#.## . ....
. ...#. ... ..


You could see 4 hobgoblins and 2 goblins.

Vanquished Creatures
  An iguana (D:3)
  Robin (D:3)
  3 adders (D:2)
  4 gnolls (D:2)
  2 worms (D:2)
  A dart slug (D:1)
  An orc (D:3)
  A ball python (D:1)
  4 bats
  5 endoplasms
  3 giant cockroaches (D:1)
  3 goblins (D:3)
  5 hobgoblins
  4 quokkas
  3 frilled lizards (D:1)
  4 kobolds (D:2)
  A rat (D:3)
  A spectral hobgoblin (D:3)
47 creatures vanquished.

Vanquished Creatures (others)
  An orc (D:3)
1 creature vanquished.

Grand Total: 48 creatures vanquished

Notes
Turn   | Place    | Note
-------+----------+-------------------------------------------
     0 | D:1      | Fodor the Minotaur Fighter began the quest for the Orb.
     0 | D:1      | Reached XP level 1. HP: 19/19 MP: 0/0
    92 | D:1      | Reached XP level 2. HP: 20/27 MP: 1/1
   199 | D:1      | Got Fobruogg's Monograph on the Figure and Accelerants
   681 | D:2      | Reached XP level 3. HP: 33/33 MP: 2/2
   748 | D:2      | Found a faded altar of an unknown god.
  1181 | D:2      | Reached XP level 4. HP: 14/40 MP: 3/3
  1601 | D:3      | Reached XP level 5. HP: 47/47 MP: 4/4
  1628 | D:3      | Found a hazy altar of Hepliaklqana.
  1637 | D:3      | Noticed Robin
  1649 | D:3      | Killed Robin
  1652 | D:3      | HP: 2/47 [hobgoblin[Robin] (1)]
  1652 | D:3      | Slain by a hobgoblin

Illustrated notes

Levels and vault maps discovered:
D:1:      lightli_arrival_statue_moat, layout_rooms
D:2:      layout_basic, shapermc_ecumenical_altar_totnotflames
D:3:      layout_rooms, nicolae_hepliaklqana_monster_ancestors, uniq_robin

Skill      XL: |  1  2  3 |
---------------+----------+-----
Armour         | 4 |  4.6
Long Blades    | 3 4 |  4.5
Fighting       | 4 |  4.3
Shields        | 4 |  4.4
Dodging        | |  0.1

Action                     |  1- 3 |  4- 6 || total
---------------------------+-------+-------++-------
  Melee: Long sword        |    77 |    37 ||   114
         Headbutt          |    12 |     9 ||    21
 Armour: Scale mail        |    26 |       ||    26
         Chain mail        |    23 |    23 ||    46
  Dodge: Dodged            |    36 |    17 ||    53
  Block: Buckler           |     3 |       ||     3
         Kite shield       |    45 |    25 ||    70

Table legend: (Time is in decaauts)
 A = Elapsed time spent in this place.
 B = Non-inter-level travel time spent in this place.
 C = Inter-level travel time spent in this place.
 D = Time resting spent in this place.
 E = Time spent auto-exploring this place.
 F = Levels seen in this place.
 G = Mean time per level.
                   A        B        C        D        E       F      G
               +--------+--------+--------+--------+--------+-----+--------+
         Total |   1689 |   1624 |     65 |    109 |      0 |   3 |  563.0 |
       Dungeon |   1689 |   1624 |     65 |    109 |      0 |   3 |  563.0 |
               +--------+--------+--------+--------+--------+-----+--------+

Top non-repeatable levels by time:
     D:2: 981 daAuts
     D:1: 583 daAuts
     D:3: 124 daAuts
